 Dungeon Crawl Stone Soup version 0.28-a0-1387-g3a22ab9bdc (webtiles) character file.

Game seed: 5503585550679123826

10757 pokeman the Eclecticist (level 11, -12/61 HPs)
             Began as a Deep Elf Hedge Wizard on Jan 2, 2022.
             Was a Priest of Vehumet.
             Engulfed by a cloud of freezing vapour (16 damage)
             ... on level 12 of the Dungeon.
             The game lasted 00:53:20 (11411 turns).

pokeman the Eclecticist (Deep Elf Hedge Wizard)    Turns: 11411, Time: 00:53:21

Health: -12/61     AC: 10    Str: 11    XL:     11   Next: 40%
Magic:  14/41      EV: 12    Int: 33    God:    Vehumet [***...]
Gold:   235        SH:  0    Dex: 14    Spells: 19/40 levels left

rFire   . . .      SeeInvis .   I - +10 hunting sling "Porosur" {flame, rElec Will+ Str+4 Int+3}
rCold   . . .      Faith    .   (no shield)
rNeg    . . .      Spirit   .   s - +0 leather armour
rPois   .          Reflect  .   n - +0 helmet
rElec   +          Harm     .   v - +0 cloak
rCorr   .          Rampage  .   H - +0 pair of gloves
Will    ++...                   F - +2 pair of boots
Stlth   ++........              q - amulet of regeneration
HPRegen 1.00/turn               g - ring of magical power
MPRegen 0.27/turn               J - +6 ring of intelligence

@: on blink cooldown
A: no striking features
a: Renounce Religion


You were on level 12 of the Dungeon.
You worshipped Vehumet.
Vehumet was most pleased with you.
You visited 2 branches of the dungeon, and saw 13 of its levels.

You collected 571 gold pieces.
You spent 336 gold pieces at shops.

Inventory:

Hand Weapons
 t - the +8 hunting sling of a volcano {freeze, Str+7 Int-2 Dex-3}
   (You found it on level 4 of the Dungeon)

   Any ammunition fired from it freezes those it strikes, dealing additional
   cold damage.
   It can also slow down cold-blooded creatures.
   Str:       It affects your strength (+7).
   Int:       It affects your intelligence (-2).
   Dex:       It affects your dexterity (-3).
 G - a +0 hand crossbow
 I - the +10 hunting sling "Porosur" (weapon) {flame, rElec Will+ Str+4 Int+3}
   (You found it on level 7 of the Dungeon)

   Any ammunition fired from it burns those it strikes, dealing additional fire
   damage.
   Str:       It affects your strength (+4).
   Int:       It affects your intelligence (+3).
   rElec:     It insulates you from electricity.
   Will:      It increases your willpower.
Missiles
 u - 34 sling bullets (quivered ammo)
 z - 77 bolts
Armour
 n - a +0 helmet (worn)
 s - a +0 leather armour (worn)
 v - a +0 cloak (worn)
 x - an orb of energy
 F - a +2 pair of boots (worn)
 H - a +0 pair of gloves (worn)
Magical Staves
 W - a staff of cold
Jewellery
 g - a ring of magical power (left hand)
 q - an amulet of regeneration (around neck)
 J - a +6 ring of intelligence (right hand)
Wands
 c - a wand of mindburst (8)
 m - a wand of digging (4)
 w - a wand of iceblast (11)
Scrolls
 r - 5 scrolls of teleportation
 O - a scroll of magic mapping {unknown}
 P - a scroll of fog {unknown}
 Q - a scroll of torment {unknown}
 R - a scroll of holy word {unknown}
Potions
 a - 2 potions of lignification {unknown}
 b - 6 potions of mutation {unknown}
 e - 2 potions of flight {unknown}
 f - 9 potions of curing
 j - 2 potions of brilliance {unknown}
 l - 4 potions of heal wounds
 A - 3 potions of might {unknown}
 C - 3 potions of attraction {unknown}
 N - a potion of magic
 U - a potion of haste {unknown}
 V - a potion of resistance {unknown}
 X - a potion of cancellation {unknown}
Miscellaneous
 T - a box of beasts


   Skills:
 - Level 4.0 Fighting
 + Level 4.8 Armour
 - Level 3.2 Dodging
 - Level 3.0 Stealth
 * Level 15.2 Spellcasting
 + Level 8.9 Conjurations
 - Level 1.1 Summonings
 - Level 1.1 Translocations
 + Level 8.2 Fire Magic
 - Level 1.0 Ice Magic
 - Level 1.0 Air Magic
 - Level 1.0 Poison Magic
 - Level 2.1 Evocations


You had 19 spell levels left.
You knew the following spells:

 Your Spells              Type           Power      Damage    Failure   Level
a - Magic Dart            Conj           100%       1d8       1%          1
b - Mephitic Cloud        Conj/Pois/Air  49%        N/A       1%          3
c - Call Imp              Summ           32%        N/A       1%          2
d - Blink                 Tloc           64%        N/A       1%          2
e - Conjure Flame         Conj/Fire      70%        6-21      1%          3
f - Foxfire               Conj/Fire      100%       2x1d9     1%          1
g - Flame Wave            Conj/Fire      70%        2d11      1%          4
h - Freezing Cloud        Conj/Ice/Air   24%        6-21      3%          5

Your spell library contained the following spells:

 Spells                   Type           Power      Damage    Failure   Level
 Inner Flame              Hex/Fire       51%        N/A       1%          3
 Scorch                   Fire           100%       2d10      1%          2
 Searing Ray              Conj           100%       2d8       1%          2
 Static Discharge         Conj/Air       55%        N/A       1%          2
 Ignite Poison            Fire/Tmut/Pois 45%        N/A       1%          3
 Fulminant Prism          Conj/Hex       26%        3d14      1%          4
 Slow                     Hex            100%       N/A       2%          1
 Lightning Bolt           Conj/Air       27%        1d44      2%          5
 Summon Cactus Giant      Summ           16%        N/A       91%         6
 Maxwell's Capacitive Co  Air            16%        ∞         100%        8


Dungeon Overview and Level Annotations

Branches:
Dungeon (11/15)            Temple (1/1) D:6             Orc (0/2) D:9
   Lair: D:8-11

Altars:
Elyvilon
Hepliaklqana
Makhleb
Nemelex Xobeh
Okawaru
Sif Muna
Uskayaw
Vehumet
Xom
Yredelemnul
Zin
Beogh

Shops:
D:3 [   D:4 !   D:8 !


Message History

(Press . to intensify the flame waves.)
The boulder beetle is engulfed in noxious fumes.
A wave of flame ripples out!
The flame wave engulfs the boulder beetle!
The boulder beetle is moderately wounded.
You hear a sizzling sound!
You hear a shout!
The boulder beetle closely misses you.
Unknown command.
A wave of flame ripples out!
The flame wave engulfs the boulder beetle!
The boulder beetle is heavily wounded.
You hear a sizzling sound! x3
You finish channelling waves of flame.
You hear a shout!
Unknown command.
Casting: Flame Wave (safe; 1% risk of failure)
Confirm with . or Enter, or press ? or * to list all spells.
Casting: Flame Wave (safe; 1% risk of failure)
Press: ? - help, Dir - look around, f - activate A wave of flame ripples out!
The flame wave engulfs the boulder beetle.
The boulder beetle is heavily wounded. (Press . to intensify the flame waves.) Unknown command.
A wave of flame ripples out!
The flame wave engulfs the boulder beetle!
The boulder beetle is severely wounded.
Unknown command.
A wave of flame ripples out!
The flame wave engulfs the boulder beetle.
The boulder beetle is severely wounded.
You finish channelling waves of flame.
The boulder beetle seems less confused.
A troll comes into view.
Unknown command.
Casting: Flame Wave (safe; 1% risk of failure)
Confirm with . or Enter, or press ? or * to list all spells.
You blink.
You are engulfed in freezing vapours.
* * * LOW HITPOINT WARNING * * *
You are engulfed in freezing vapours.
You die...

####### ##### ......#####...#
#### .........(....# ....
###......((.†..#######....
##.........................
##..#......#####............
##......##..# #............
#....#..##..### #............
#.......#....@☼# #.#####'#....
#.#.#○#.....$§○# #.+.....#....
........#.....#☼###^#.....#....
.......#..#....#.....#.....#####
#.....##....#...#B....#..........
#..... #..T..#..#.....#..........
#.............#.#§....##.......##
...........#......#)......+
.###.#######......###.....#


You could see a boulder beetle and a troll (confused).

Vanquished Creatures
  Harold (D:7)
  A hydra (D:11)
  A two-headed ogre (D:9)
  Pikel (D:4)
  2 manticores (D:12)
  A cyclops (D:12)
  An unseen horror (D:9)
  A troll (D:10)
  2 hornets
  5 slime creatures (D:12)
  A wraith (D:9)
  The ghost of oldriver the Caller, an amateur FeSu (D:5)
  3 vampire mosquitoes (D:10)
  A water moccasin (D:5)
  8 orc warriors
  A sky beast (D:6)
  A hornet zombie (D:6)
  An ice beast (D:6)
  A necrophage (D:7)
  4 ogres
  5 centaurs
  3 phantoms
  4 kobold brigands
  2 bullfrogs (D:7)
  5 scorpions
  A wyvern skeleton (D:5)
  2 water moccasin skeletons (D:6)
  5 wights (D:10)
  5 spriggan skeletons (D:9)
  A troll skeleton (D:9)
  A howler monkey (D:6)
  3 centaur zombies
  3 bullfrog zombies
  2 hounds
  A jelly (D:8)
  2 bullfrog skeletons
  A gnoll shaman (D:3)
  6 orc priests
  2 centaur skeletons
  5 iguanas
  10 orc wizards
  3 killer bee zombies
  A howler monkey zombie (D:8)
  5 gnolls
  4 adders
  3 shadow imps
  A white imp (D:6)
  2 adder skeletons (D:4)
  3 dart slugs
  47 orcs
  4 endoplasms
  2 giant cockroaches
  12 goblins
  9 hobgoblins
  6 jackals (D:1)
  17 kobolds
  7 ball pythons
  5 bats
  A frilled lizard (D:1)
  7 rats
  A spectral hobgoblin (D:1)
247 creatures vanquished.

Vanquished Creatures (collateral kills)
  An orc (D:6)
1 creature vanquished.

Vanquished Creatures (others)
  364 foxfires
  2 plants (D:4)
366 creatures vanquished.

Grand Total: 614 creatures vanquished

Notes
Turn   | Place    | Note
-------+----------+-------------------------------------------
     0 | D:1      | pokeman the Deep Elf Hedge Wizard began the quest for the
                  | Orb.
     0 | D:1      | Reached XP level 1. HP: 10/10 MP: 7/7
   382 | D:1      | Reached XP level 2. HP: 15/16 MP: 9/9
   984 | D:1      | Found a faded altar of an unknown god.
  1713 | D:1      | Reached skill level 5 in Spellcasting
  2185 | D:2      | Reached XP level 3. HP: 19/20 MP: 11/11
  2189 | D:2      | Learned a level 3 spell: Mephitic Cloud
  2192 | D:2      | Learned a level 2 spell: Call Imp
  2195 | D:2      | Learned a level 2 spell: Blink
  2199 | D:2      | Learned a level 3 spell: Conjure Flame
  2835 | D:2      | Reached skill level 1 in Armour
  3189 | D:3      | Reached skill level 1 in Fighting
  3572 | D:3      | Found an iron altar of Okawaru.
  3572 | D:3      | Found a basalt altar of Yredelemnul.
  3574 | D:3      | Found a shimmering blue altar of Sif Muna.
  3775 | D:3      | Reached XP level 4. HP: 19/25 MP: 13/13
  4098 | D:3      | Found Hetuxtarph's Antique Armour Boutique.
  4171 | D:4      | Reached skill level 1 in Fire Magic
  4174 | D:4      | Identified the +8 hunting sling of a volcano {freeze, Str+7
                  | Int-2 Dex-3}
  4444 | D:4      | Noticed an ogre
  4449 | D:4      | Killed an ogre
  4450 | D:4      | Reached skill level 6 in Spellcasting
  4450 | D:4      | Reached skill level 1 in Air Magic
  4450 | D:4      | Reached XP level 5. HP: 29/29 MP: 15/15
  4567 | D:3      | Reached skill level 1 in Poison Magic
  4567 | D:3      | Reached XP level 6. HP: 34/34 MP: 17/17
  4758 | D:4      | Reached skill level 7 in Spellcasting
  4785 | D:4      | Learned a level 4 spell: Flame Wave
  4892 | D:4      | Noticed Pikel
  4904 | D:4      | Killed Pikel
  4905 | D:4      | Reached skill level 8 in Spellcasting
  4905 | D:4      | Reached XP level 7. HP: 31/40 MP: 20/20
  5126 | D:4      | Found Nihofyoffo's Distillery.
  5135 | D:4      | Bought a potion of curing for 36 gold pieces
  5135 | D:4      | Bought a potion of heal wounds for 60 gold pieces
  5135 | D:4      | Bought a potion of degeneration for 12 gold pieces
  5135 | D:4      | Bought a potion of curing for 36 gold pieces
  5347 | D:5      | Entered Level 5 of the Dungeon
  5367 | D:5      | Reached XP level 8. HP: 40/44 MP: 22/22
  5375 | D:4      | Reached skill level 9 in Spellcasting
  5663 | D:5      | Reached skill level 5 in Conjurations
  5673 | D:5      | Reached skill level 10 in Spellcasting
  5991 | D:5      | Found a transporter.
  5995 | D:5      | Noticed oldriver's ghost (amateur FeSu)
  6007 | D:5      | Found a transporter.
  6132 | D:5      | Learned a level 5 spell: Freezing Cloud
  6146 | D:5      | Killed oldriver's ghost
  6147 | D:5      | Reached XP level 9. HP: 40/48 MP: 25/25
  6289 | D:6      | Found a staircase to the Ecumenical Temple.
  6298 | Temple   | Entered the Ecumenical Temple
  6323 | Temple   | Became a worshipper of Vehumet
  6348 | D:6      | Reached skill level 1 in Ice Magic
  6500 | D:6      | Reached skill level 11 in Spellcasting
  6651 | D:6      | Reached skill level 5 in Fire Magic
  7106 | D:7      | Reached * piety under Vehumet
  7106 | D:7      | Offered knowledge of Foxfire by Vehumet.
  7109 | D:7      | Learned a level 1 spell: Foxfire
  7214 | D:7      | Identified the +10 hunting sling "Porosur" {flame, rElec
                  | Will+ Str+4 Int+3}
  7397 | D:7      | Reached skill level 12 in Spellcasting
  7445 | D:7      | Noticed Harold
  7479 | D:7      | Killed Harold
  7480 | D:7      | Reached XP level 10. HP: 56/56 MP: 25/28
  7974 | D:8      | Found a white marble altar of Elyvilon.
  7995 | D:8      | Found a glowing silver altar of Zin.
  8025 | D:8      | Found Muischifa's Distillery.
  8034 | D:8      | Bought a potion of magic for 96 gold pieces
  8034 | D:8      | Bought a potion of heal wounds for 60 gold pieces
  8034 | D:8      | Bought a potion of curing for 36 gold pieces
  8209 | D:8      | Reached ** piety under Vehumet
  8210 | D:8      | Offered knowledge of Searing Ray by Vehumet.
  8300 | D:8      | Found a shimmering altar of Xom.
  8504 | D:9      | Reached skill level 13 in Spellcasting
  8856 | D:9      | Found a staircase to the Orcish Mines.
  8920 | D:9      | Noticed a two-headed ogre
  8938 | D:9      | Killed a two-headed ogre
  9597 | D:9      | Offered knowledge of Inner Flame by Vehumet.
  9789 | D:9      | Reached skill level 14 in Spellcasting
 10162 | D:10     | Entered Level 10 of the Dungeon
 10230 | D:10     | Reached *** piety under Vehumet
 10391 | D:10     | Reached XP level 11. HP: 57/61 MP: 24/31
 11071 | D:11     | Noticed a seven-headed hydra
 11077 | D:11     | Killed a seven-headed hydra
 11163 | D:11     | You fall into a shaft and drop 1 floor!
 11163 | D:12     | Noticed a skeletal warrior
 11163 | D:12     | Noticed a skeletal warrior
 11163 | D:12     | Noticed a skeletal warrior
 11163 | D:12     | Noticed a skeletal warrior
 11163 | D:12     | Noticed a skeletal warrior
 11167 | D:12     | Noticed a cyan ugly thing
 11276 | D:12     | Reached skill level 15 in Spellcasting
 11379 | D:12     | Noticed a boulder beetle
 11410 | D:12     | HP: 3/61 [cloud of freezing vapour (19)]
 11411 | D:12     | Engulfed by a cloud of freezing vapour

Illustrated notes

Levels and vault maps discovered:
D:1:      roderic_crossed_star, layout_basic,
          dreamdust_ecumenical_altar_drowned_temple, serial_rivers,
          chequers_serial_rivers_large_b, chequers_serial_rivers_micro_c,
          chequers_serial_rivers_small_b, chequers_serial_rivers_small_3,
          chequers_serial_rivers_room_b, grunt_decor_mini_mirrors,
          minmay_split_cup_large
D:2:      layout_loops_corners
D:3:      layout_basic, nicolae_overflow_hidden_temple, serial_shops, shop
D:4:      corexii_shack_village, layout_cave_pools, serial_shops, shop,
          uniq_pikel
D:5:      layout_basic, gammafunk_ghost_arena, minmay_fractal_squares_diagonal_5
D:6:      layout_basic, minmay_temple_entry_waves, kennysheep_generic_room_6
D:7:      layout_rooms, grunt_ministairs_3, chequers_serial_rivers_small_b,
          uniq_harold
D:8:      layout_basic, kennysheep_mini,
          chequers_temple_overflow_statue_of_worship, serial_shops, shop
D:9:      layout_layer_cave, david_orc_5, supply_closet_lemuel,
          hangedman_tell_no_tales
D:10:     layout_rooms
D:11:     layout_layer_cave, lair_entry_dummy, portal_ice_cave_entry_pillars_1,
          uniq_fannar
D:12:     layout_irregular_city, chequers_serial_rivers_small_a,
          hangedman_decor_opposing, minmay_misc_feat_plants, uniq_nergalle,
          uniq_sonja
Temple:   regret_index_temple_sphere_string

Skill      XL: |  1  2  3  4  5  6  7  8  9 10 11 |
---------------+----------------------------------+-----
Spellcasting   | 5 6 8 10 12 14 15 | 15.2
Armour         | 1 2 3 4 |  4.8
Fighting       | 1 2 3 4 |  4.0
Conjurations   | 2 3 4 5 7 8 |  8.9
Fire Magic     | 1 2 3 4 6 7 8 |  8.2
Dodging        | 3 |  3.2
Air Magic      | 1 |  1.0
Poison Magic   | 1 |  1.0
Stealth        | 3 |  3.0
Evocations     | 2 |  2.1
Ice Magic      | 1 |  1.0
Summonings     | |  1.1
Translocations | |  1.1

Action                   |  1- 3 |  4- 6 |  7- 9 | 10-12 || total
-------------------------+-------+-------+-------+-------++-------
Melee: Dagger            |    11 |       |       |       ||    11
       Spear             |    11 |     1 |       |       ||    12
 Fire: Hunting sling     |       |    37 |    94 |    29 ||   160
 Cast: Magic Dart        |   143 |    14 |    31 |     1 ||   189
       Mephitic Cloud    |       |     6 |    19 |    21 ||    46
       Conjure Flame     |       |     2 |    18 |    11 ||    31
       Blink             |       |     1 |     4 |     6 ||    11
       Flame Wave        |       |       |     1 |    16 ||    17
       Foxfire           |       |       |    22 |   179 ||   201
       Call Imp          |       |       |     2 |     1 ||     3
       Freezing Cloud    |       |       |       |    10 ||    10
Evoke: Wand              |       |       |     3 |       ||     3
  Use: Scroll            |       |       |       |    10 ||    10
 Stab: Sleeping          |     2 |       |       |       ||     2
Armor: Robe              |     8 |       |       |       ||     8
       Leather armour    |       |     2 |    27 |    23 ||    52
Dodge: Dodged            |    36 |     5 |    57 |    48 ||   146

Table legend: (Time is in decaauts)
 A = Elapsed time spent in this place.
 B = Non-inter-level travel time spent in this place.
 C = Inter-level travel time spent in this place.
 D = Time resting spent in this place.
 E = Time spent auto-exploring this place.
 F = Levels seen in this place.
 G = Mean time per level.
                   A        B        C        D        E       F      G
               +--------+--------+--------+--------+--------+-----+--------+
         Total |  11493 |  10813 |    680 |    106 |   8626 |  13 |  884.1 |
       Dungeon |  11422 |  10760 |    662 |    106 |   8612 |  12 |  951.8 |
        Temple |     71 |     53 |     18 |      0 |     14 |   1 |   71.0 |
               +--------+--------+--------+--------+--------+-----+--------+

Top non-repeatable levels by time:
     D:1: 2041 daAuts
     D:9: 1744 daAuts
     D:2: 1271 daAuts
     D:3: 1225 daAuts
     D:4: 978 daAuts
     D:6: 892 daAuts
     D:8: 791 daAuts
     D:5: 765 daAuts
    D:10: 725 daAuts
     D:7: 666 daAuts
    D:12: 251 daAuts
  Temple: 71 daAuts
    D:11: 69 daAuts
